 Dungeon Crawl Stone Soup version 0.23.2-33-g5129a83184 (webtiles) character file.

Game seed: 7388591617928362852

112 FishyPogo the Chiller (level 4, 0/38 HPs)
             Began as a Naga Ice Elementalist on Aug 9, 2019.
             Slain by a bat (1 damage)
             ... on level 3 of the Dungeon.
             The game lasted 00:07:24 (1439 turns).

FishyPogo the Chiller (Naga Ice Elementalist)       Turns: 1439, Time: 00:07:24

Health: 0/38       AC:  2    Str: 10    XL:     4   Next: 93%
Magic:  0/7        EV: 10    Int: 16    God:
Gold:   135        SH:  0    Dex: 12    Spells: 5/8 levels left

rFire    . . .     SeeInvis +   a - +0 club
rCold    . . .     Gourm    .   (no shield)
rNeg     . . .     Faith    .   e - +0 robe
rPois    +         Spirit   .   (no helmet)
rElec    .         Reflect  .   (no cloak)
rCorr    .         Harm     .   (no gloves)
MR       .....                  (no barding)
Stlth    ++........             (no amulet)
HPRegen  0.12/turn              (no ring)
MPRegen  0.10/turn              (no ring)

@: lethally poisoned (0 -> -3), about to teleport, very slow
A: large, see invisible, deformed body, poison resistance, slowness 2, slow
metabolism 1, spit poison 1, AC +1
a: Spit Poison


You were on level 3 of the Dungeon.
You were not hungry.

You visited 1 branch of the dungeon, and saw 3 of its levels.

You collected 135 gold pieces.

Inventory:

Hand Weapons
 a - a +0 club (weapon)
Missiles
 d - 3 stones (quivered)
Armour
 e - a +0 robe (worn)
Scrolls
 f - 2 scrolls of teleportation
 g - a scroll of identify
 h - 2 scrolls of amnesia
 i - a scroll of remove curse {unknown}
Potions
 b - a potion of curing {unknown}
 k - a potion of heal wounds {unknown}
 l - 3 potions of brilliance
Comestibles
 c - 4 rations


   Skills:
 + Level 1.4 Fighting
 * Level 2.6 Dodging
 - Level 3.0 Stealth
 + Level 2.6 Spellcasting
 - Level 1.0 Conjurations
 * Level 3.9 Ice Magic


You had 5 spell levels left.
You knew the following spells:

 Your Spells              Type           Power        Failure   Level  Hunger
a - Freeze                Ice            ##..         3%          1    #......
b - Throw Frost           Conj/Ice       ##....       11%         2    ##.....

Your spell library contained the following spells:

 Spells                   Type           Power        Failure   Level  Hunger
 Ozocubu's Armour         Chrm/Ice       #.......     26%         3    ###....
 Throw Icicle             Conj/Ice       ##......     56%         4    #####..
 Summon Ice Beast         Ice/Summ       #.......     65%         4    #####..


Dungeon Overview and Level Annotations

Branches:
Dungeon (3/15)

Altars:

Annotations:
D:3 Robin


Innate Abilities, Weirdness & Mutations

You cannot wear boots.
Your serpentine skin is tough. (AC +1)
You have supernaturally acute eyesight. (SInv)
Armour fits poorly on your strangely shaped body.
Your system is resistant to poisons. (rPois)
You cover ground very slowly.
You have a slow metabolism.
You can spit poison.


Message History

* * * LOW HITPOINT WARNING * * *
As you read the scroll labeled OSHRONU WUELEE, it crumbles to dust.
It is a scroll of amnesia.
Okay, then.
You have got your breath back.
The bat hits you.
* * * LOW HITPOINT WARNING * * *
The adder bites you.
* * * LOW HITPOINT WARNING * * *
The adder bites you but does no damage.
The kobold throws a stone.
The stone hits you but does no damage. The goblin hits you but does no damage.
The adder bites you.
* * * LOW HITPOINT WARNING * * *
You are lethally poisoned!
The adder poisons you!
As you read the scroll labeled ZEELIBR XUIMUN, it crumbles to dust.
You feel strangely unstable.
It was a scroll of teleportation.
* * * LOW HITPOINT WARNING * * *
You feel sick. The bat hits you.
You die...

#.).# .#.# .s. . #...# ..###.# .#
.. #...# #.....##.## ... #...#
###..#....... ..# #...#
#.......)#
..#######...#####.)....#.#
................)).###...###
....[..<.......SgS..#......(.
.#..............@b........#..
....####......##.............
.##.# #.......##..#...K.....#
.##.# #.....#.##........#.#.#
.##.###.....#.##.###...#.##.#
###.#.......#.##............#
....#.#........#####.##########.#
#####.#.#...#..##.........<......
#####.#........##.##....#######.#


You could see 2 adders, a goblin, a bat and a kobold.

Vanquished Creatures
  5 adders
  2 worms (D:2)
  3 dart slugs
  5 leopard geckos
  An orc (D:3)
  4 giant cockroaches
  5 goblins
  7 hobgoblins
  5 kobolds
  A ball python (D:2)
  5 bats
  2 frilled lizards
  6 rats
51 creatures vanquished.

Notes
Turn   | Place    | Note
-------+----------+-------------------------------------------
     0 | D:1      | FishyPogo the Naga Ice Elementalist began the quest for the
                  | Orb.
     0 | D:1      | Reached XP level 1. HP: 15/15 MP: 3/3
   197 | D:1      | Reached XP level 2. HP: 23/24 MP: 5/5
   201 | D:1      | Learned a level 2 spell: Throw Frost
   546 | D:1      | Reached XP level 3. HP: 30/30 MP: 6/6
   812 | D:2      | Reached skill level 1 in Fighting
   918 | D:2      | Reached XP level 4. HP: 35/38 MP: 1/7
  1407 | D:3      | Noticed Robin
  1439 | D:3      | HP: 1/38 [poisoned by an adder]
  1439 | D:3      | Slain by a bat

Skill      XL: |  1  2  3 |
---------------+----------+-----
Dodging        | 2 |  2.6
Fighting       | 1 |  1.4
Stealth        | |  3.0
Spellcasting   | |  2.6
Conjurations   | |  1.0
Ice Magic      | |  3.9

Action                   |  1- 3 |  4- 6 || total
-------------------------+-------+-------++-------
Melee: Club              |     9 |    26 ||    35
Throw: Stone             |     2 |       ||     2
 Cast: Freeze            |    10 |    13 ||    23
       Throw Frost       |     6 |     9 ||    15
 Abil: Spit Poison       |    30 |    17 ||    47
  Use: Scroll            |       |     5 ||     5
  Eat: Chunk             |     2 |     3 ||     5
Armor: Robe              |     5 |     8 ||    13
Dodge: Dodged            |    11 |    42 ||    53
